AoeStats
← fresh_jam

Arena

508276735Analyzed
3v3 RM · 11d ago on Sep 21, 2026· 35m 59s· 6 players
Game mode
Random Map
Map size
Normal (6 player)
Population
200
Speed
Normal
Resources
Standard
Victory
Conquest
Starting age
Dark Age
Ending age
Imperial Age
RankedLock teamsTeams togetherTeam positionsShared explorationLock speedFull tech treeHidden civsTurbo modeCheats
Victory
Defeat
🇦🇷 Italians · Argentina
1109
+17
🇦🇷 Huns · Argentina
1100
+18
🇦🇷 Goths · Argentina
963
+22
🇨🇭 Ethiopians · Switzerland
1159
-20
🇨🇭 Sicilians · Switzerland
1156
-20
🇧🇾 Turks · Belarus
1080
-17
Ezer
0:29 Loom
12:24 Feudal Age
16:20 Castle Age
16:11 Double-Bit Axe
17:17 Gold Mining
17:09 Horse Collar
30:02 Stone Mining
Baron279
11:54 Feudal Age
17:28 Castle Age
15:25 Loom
15:46 Double-Bit Axe
15:54 Horse Collar
16:40 Gold Mining
20:48 Fletching
25:31 Bow Saw
26:04 Gold Shaft Mining
27:34 Scale Mail Armor
27:45 Forging
28:35 Loom
29:50 Wheelbarrow
fresh_jam
10:49 Feudal Age
14:19 Castle Age
12:13 Horse Collar
14:14 Double-Bit Axe
15:52 Bow Saw
17:59 Loom
27:18 Wheelbarrow
26:33 Town Watch
30:27 Imperial Age
27:51 Crossbowman
29:00 Thumb Ring
31:05 Ballistics
31:08 Fletching
31:19 Padded Archer Armor
30:47 Arbalester
Mortadela
10:45 Feudal Age
24:28 Double-Bit Axe
28:53 Horse Collar
30:09 Wheelbarrow
Pem
11:24 Feudal Age
15:15 Castle Age
14:01 Horse Collar
14:07 Double-Bit Axe
14:14 Gold Mining
19:58 Imperial Age
18:08 Scale Mail Armor
18:19 Forging
18:54 Squires
33:12 Chain Mail Armor
33:33 Iron Casting
Pablo
10:34 Feudal Age
15:05 Castle Age
26:39 Imperial Age
25:04 Fletching
26:22 Double-Bit Axe
26:30 Gold Mining
26:22 Horse Collar
31:01 Bodkin Arrow
32:07 Bracer
33:35 Padded Archer Armor
34:06 Ballistics
Connection lost

Rejoining the realm…

Still unreachable

The connection could not be restored.

Session expired

The server has moved on; the page needs a fresh start.